 Dungeon Crawl Stone Soup version 0.20.1-1-g8b1a95d (webtiles) character file.

13789 waterbugbear the Bludgeoner (level 12, -8/81 HPs)
             Began as a Human Fighter on Sept 29, 2017.
             Was a Priest of the Shining One.
             Mangled by a cyan ugly thing (17 damage)
             ... on level 11 of the Dungeon on Sept 30, 2017.
             The game lasted 01:17:59 (11756 turns).

waterbugbear the Bludgeoner (Human Fighter)        Turns: 11756, Time: 01:18:00

Health: -8/81      AC: 17    Str: 20    XL:     12   Next: 37%
Magic:  10/12      EV:  3    Int:  9    God:    the Shining One [***...]
Gold:   627        SH: 15    Dex: 14    Spells: 11/11 levels left

rFire    . . .     SeeInvis +   R - +0 morningstar
rCold    . . .     Gourm    .   c - +0 shield
rNeg     + . .     Faith    .   L - +0 plate armour
rPois    +         Spirit   .   Q - +1 hat {SInv}
rElec    .         Reflect  .   (no cloak)
rCorr    .         Harm     .   o - +2 pair of gloves
MR       .....                  y - +1 pair of boots
Stlth    ..........             j - amulet of regeneration
Regen    0.7/turn               p - ring of poison resistance
MPRegen  0.2/turn               N - ring of stealth

@: divine shield, glowing
A: no striking features
a: Divine Shield, Renounce Religion


You were on level 11 of the Dungeon.
You worshipped the Shining One.
The Shining One was most pleased with you.
You were not hungry.

You visited 2 branches of the dungeon, and saw 12 of its levels.
You also visited: Sewer.

You collected 627 gold pieces.

Inventory:

Hand Weapons
 R - a +0 morningstar (weapon)
 T - a +2 long sword of holy wrath
Armour
 b - a +0 scale mail
 c - a +0 shield (worn)
 h - a +0 chain mail
 o - a +2 pair of gloves (worn)
 y - a +1 pair of boots (worn)
 L - a +0 plate armour (worn)
 Q - a +1 hat of see invisible (worn)
Jewellery
 j - an amulet of regeneration (around neck)
 p - a ring of poison resistance (left hand)
 N - a ring of stealth (right hand)
 V - an uncursed ring of resist corrosion
Wands
 g - a wand of iceblast (8/15)
 F - a wand of acid (3/15)
 H - a wand of flame (23/48)
 O - a wand of digging (12/24)
 P - a wand of confusion (34/48)
 U - a wand of enslavement (11/24)
 X - a wand of confusion (18/48)
Scrolls
 a - a scroll of immolation {unknown}
 i - 3 scrolls of remove curse
 k - 2 scrolls of enchant armour {unknown}
 q - 3 scrolls of blinking {unknown}
 r - 6 scrolls of teleportation
 v - 4 scrolls of amnesia {unknown}
 x - a scroll of identify
 A - 2 scrolls of fear {unknown}
 C - 3 scrolls of magic mapping
 E - 4 scrolls of recharging {unknown}
 I - a scroll of acquirement {unknown}
 K - 2 scrolls of vulnerability {unknown}
 M - 4 scrolls of enchant weapon {unknown}
Potions
 d - 2 potions of might
 e - 2 potions of flight
 l - a potion of agility
 m - 3 potions of heal wounds
 n - 2 potions of lignification
 s - 2 potions of haste
 t - 10 potions of curing
 u - a potion of cancellation {unknown}
 w - 4 potions of ambrosia
 B - 3 potions of magic
 D - 2 potions of brilliance
Books
 W - a Young Poisoner's Handbook

   Spells                             Type                      Level
   a - Sting                          Conjuration/Poison           1
   b - Poisonous Vapours              Poison/Air                   2
   c - Mephitic Cloud                 Conjuration/Poison/Air       3
   d - Olgreb's Toxic Radiance        Poison                       4
   e - Venom Bolt                     Conjuration/Poison           5
Comestibles
 f - 4 bread rations
 z - 6 royal jellies
 G - 4 meat rations
 J - 2 fruits
 S - 9 chunks of flesh


   Skills:
 - Level 3.0 Fighting
 + Level 10.3 Long Blades
 * Level 15.4 Maces & Flails
 - Level 3.0 Armour
 - Level 3.0 Shields


You had 11 spell levels left.
You didn't know any spells.

Dungeon Overview and Level Annotations

Branches:
Dungeon (11/15)            Temple (1/1) D:4            Lair (0/6) D:9
    Orc (0/2) D:9

Altars:
Ashenzari
Cheibriados
Dithmenos
Elyvilon
Fedhas
Gozag
Hepliaklqana
Kikubaaqudgha
Makhleb
Nemelex Xobeh
Okawaru
Qazlal
Ru
Sif Muna
Trog
Uskayaw
Vehumet
Xom
Yredelemnul
Zin
The Shining One

Annotations:
D:7 exclusion: downstairs
D:8 exclusion: downstairs
D:10 1 transporter


Message History

You hit the cyan ugly thing but do no damage.
The cyan ugly thing claws you but does no damage.
You hit the cyan ugly thing.
The cyan ugly thing is lightly wounded.
The cyan ugly thing claws you but does no damage.
You puncture the cyan ugly thing!
The cyan ugly thing is moderately wounded.
You hit the cyan ugly thing but do no damage.
The cyan ugly thing is moderately wounded.
The cyan ugly thing claws you! The cyan ugly thing shocks you!
* * * LOW HITPOINT WARNING * * *
You sock the cyan ugly thing!
The cyan ugly thing is moderately wounded.
You block the cyan ugly thing's attack.
Your plate armour prevents you from hitting the cyan ugly thing.
The cyan ugly thing is moderately wounded.
The cyan ugly thing claws you!
* * * LOW HITPOINT WARNING * * *
The cyan ugly thing shocks you!
You die...

..# # #.# ..# #.#
###...# #.#
###u.....# #.#
###.@)#
#.######...###
#.#......###
#...###### ##...#
## ##..#
.#######..##
.....##....###
####....##...#####


You could see a cyan ugly thing.

Vanquished Creatures
  Gastronok (D:8)
  Erolcha (D:10)
  The ghost of Larett the Cleaver, a novice MiBe of Trog (D:9)
  3 two-headed ogres
  A cyclops (D:11)
  Maurice (D:9)
  2 centaur skeletons (D:8)
  2 komodo dragons
  A troll (D:11)
  2 hippogriffs (D:11)
  A shadow (D:9)
  8 yaks
  4 hogs (D:8)
  A human (D:8)
  2 water moccasins
  3 orc warriors
  A black bear (D:7)
  2 eyes of draining
  2 ice beasts
  4 sky beasts
  A necrophage (D:8)
  The ghost of skrub the Chopper, an amateur HOCK of Xom (D:3)
  A phantom (D:6)
  A centaur (D:8)
  5 ogres
  A big kobold (D:9)
  7 bullfrogs
  A wyvern zombie (D:8)
  2 scorpions
  2 vampire bats (D:2)
  2 crimson imps
  6 howler monkeys
  2 quasits (D:9)
  2 bullfrog skeletons
  8 orc priests
  3 hounds
  4 jellies
  A gnoll shaman (D:6)
  9 orc wizards
  3 iguanas
  6 worker ants
  Ijyb (D:5)
  A hound skeleton (D:7)
  A howler monkey zombie (D:7)
  A worker ant zombie (D:11)
  11 gnolls
  9 adders
  A howler monkey skeleton (D:4)
  7 river rats
  2 shadow imps
  2 adder skeletons
  A dart slug (D:3)
  3 leopard geckos
  46 orcs
  5 bats
  5 bat skeletons (D:2)
  2 bat zombies (D:2)
  7 giant cockroaches
  9 goblins
  11 hobgoblins
  2 jackals (D:2)
  10 kobolds
  4 quokkas
  7 ball pythons
  12 frilled lizards
  A leopard gecko skeleton (D:9)
  22 rats
294 creatures vanquished.

Vanquished Creatures (others)
  A centaur zombie (D:10)
  A shadow (D:10)
  A jelly (D:10)
  10 plants (D:9)
13 creatures vanquished.

Grand Total: 307 creatures vanquished

Notes
Turn   | Place    | Note
-------+----------+-------------------------------------------
     0 | D:1      | waterbugbear the Human Fighter began the quest for the Orb.
     0 | D:1      | Reached XP level 1. HP: 18/18 MP: 1/1
    49 | D:1      | Reached XP level 2. HP: 24/24 MP: 2/2
   366 | D:1      | Reached skill level 3 in Maces & Flails
   612 | D:1      | Reached XP level 3. HP: 29/29 MP: 3/3
   620 | D:1      | Found a shattered altar of Ashenzari.
  1344 | D:2      | Found a radiant altar of Vehumet.
  1356 | D:2      | Reached skill level 4 in Maces & Flails
  1356 | D:2      | Reached XP level 4. HP: 35/35 MP: 4/4
  1708 | D:2      | Reached XP level 5. HP: 41/41 MP: 5/5
  1726 | D:2      | Found an ancient bone altar of Kikubaaqudgha.
  1742 | D:2      | Reached skill level 5 in Maces & Flails
  2021 | D:2      | Reached XP level 6. HP: 42/47 MP: 6/6
  2068 | D:3      | Reached skill level 6 in Maces & Flails
  2466 | D:3      | Found a faded altar of an unknown god.
  2473 | D:3      | Noticed skrub's ghost (amateur HOCK)
  2523 | D:3      | Paralysed by skrub's ghost for 6 turns
  2536 | D:3      | Killed skrub's ghost
  2704 | D:3      | Reached XP level 7. HP: 34/52 MP: 7/7
  2773 | D:3      | Reached skill level 7 in Maces & Flails
  3036 | D:4      | Found a glowing drain.
  3091 | Sewer    | Entered a sewer
  3449 | Sewer    | Noticed Greiscor's ghost (amateur DgCj)
  3787 | D:4      | Reached skill level 1 in Long Blades
  3801 | D:4      | Found a staircase to the Ecumenical Temple.
  3812 | Temple   | Entered the Ecumenical Temple
  3935 | Temple   | Became a worshipper of the Shining One
  4543 | D:5      | Entered Level 5 of the Dungeon
  4761 | D:5      | Reached skill level 8 in Maces & Flails
  4761 | D:5      | Reached XP level 8. HP: 30/58 MP: 8/8
  4955 | D:5      | Noticed Ijyb
  4969 | D:5      | Killed Ijyb
  4985 | D:5      | Found a burning altar of Makhleb.
  5554 | D:5      | Reached skill level 9 in Maces & Flails
  5590 | D:6      | Reached * piety under the Shining One
  5727 | D:6      | Reached XP level 9. HP: 59/63 MP: 9/9
  5906 | D:5      | Reached skill level 10 in Maces & Flails
  6542 | D:7      | Reached skill level 5 in Long Blades
  7130 | D:7      | Reached skill level 11 in Maces & Flails
  7233 | D:7      | Reached ** piety under the Shining One
  7627 | D:8      | Reached XP level 10. HP: 70/70 MP: 10/10
  7916 | D:8      | Noticed Gastronok
  7924 | D:8      | Reached skill level 12 in Maces & Flails
  8090 | D:8      | Killed Gastronok
  8090 | D:8      | Reached skill level 13 in Maces & Flails
  8090 | D:8      | Reached XP level 11. HP: 32/75 MP: 11/11
  8253 | D:8      | Found a shadowy altar of Dithmenos.
  9129 | D:9      | Noticed Maurice
  9148 | D:9      | Killed Maurice
  9148 | D:9      | Reached skill level 14 in Maces & Flails
  9216 | D:9      | Found a staircase to the Orcish Mines.
  9230 | D:9      | Noticed Larett's ghost (novice MiBe)
  9255 | D:9      | Noticed a two-headed ogre
  9348 | D:9      | Noticed a two-headed ogre
  9364 | D:9      | Killed a two-headed ogre
  9478 | D:9      | Found a burning altar of Makhleb.
  9556 | D:9      | Reached *** piety under the Shining One
  9746 | D:9      | Found a staircase to the Lair.
 10134 | D:9      | Killed Larett's ghost
 10328 | D:9      | Killed a two-headed ogre
 10430 | D:10     | Entered Level 10 of the Dungeon
 10492 | D:9      | Reached XP level 12. HP: 53/81 MP: 12/12
 10690 | D:10     | Found a transporter.
 10856 | D:10     | Noticed Erolcha
 10880 | D:10     | Killed Erolcha
 10880 | D:10     | Reached skill level 15 in Maces & Flails
 11087 | D:10     | Found a sacrificial altar of Ru.
 11225 | D:10     | Found a transporter.
 11225 | D:10     | Found a transporter.
 11225 | D:10     | Found a transporter.
 11225 | D:10     | Found a transporter.
 11309 | D:10     | Reached skill level 10 in Long Blades
 11741 | D:11     | Noticed a two-headed ogre
 11750 | D:11     | Killed a two-headed ogre
 11756 | D:11     | Mangled by a cyan ugly thing

Skill      XL: |  1  2  3  4  5  6  7  8  9 10 11 12 |
---------------+-------------------------------------+-----
Maces & Flails | 3 4 5 6 8 9 11 13 14 15 | 15.4
Long Blades    | 2 4 6 8 9 10 | 10.3
Fighting       | |  3.0
Armour         | |  3.0
Shields        | |  3.0

Action                   |  1- 3 |  4- 6 |  7- 9 | 10-12 || total
-------------------------+-------+-------+-------+-------++-------
Melee: Flail             |   118 |   175 |   557 |    40 ||   890
       Morningstar       |       |       |       |   495 ||   495
Invok: Divine Shield     |       |       |       |     1 ||     1
Evoke: Wand              |       |       |       |     3 ||     3
  Use: Scroll            |     4 |       |     8 |     6 ||    18
       Potion            |       |       |     1 |     9 ||    10
  Eat: Chunk             |     2 |     4 |    12 |     4 ||    22
       Meat ration       |       |       |     1 |     2 ||     3
Armor: Scale mail        |     3 |       |       |       ||     3
       Chain mail        |    59 |   133 |   151 |       ||   343
       Plate armour      |       |       |    93 |   307 ||   400
Dodge: Dodged            |    20 |    42 |    60 |    72 ||   194
Block: Shield            |    41 |   102 |   197 |   210 ||   550
